 Dungeon Crawl Stone Soup version 0.25.1-8-g42b30a86e7 (webtiles) character file.

Game seed: 15826378808665926459

39 Doot the Firebug (level 3, -1/19 HPs)
             Began as a Tengu Fire Elementalist on Dec 3, 2020.
             Slain by an iguana (5 damage)
             ... on level 7 of the Dungeon.
             The game lasted 00:01:15 (276 turns).

Doot the Firebug (Tengu Fire Elementalist)           Turns: 276, Time: 00:01:16

Health: -1/19      AC:  2    Str:  8    XL:     3   Next: 45%
Magic:  1/7        EV: 13    Int: 16    God:
Gold:   7          SH:  0    Dex: 14    Spells: 5/6 levels left

rFire    . . .     SeeInvis .   (no weapon)
rCold    . . .     Gourm    .   (no shield)
rNeg     . . .     Faith    .   a - +0 robe
rPois    .         Spirit   .   (helmet restricted)
rElec    .         Reflect  .   (no cloak)
rCorr    .         Harm     .   (no gloves)
MR       .....                  (boots unavailable)
Stlth    ++........             (no amulet)
HPRegen  0.06/turn              (no ring)
MPRegen  0.10/turn              (no ring)

@: very slightly contaminated
A: beak, talons 3
a: no special abilities


You were on level 7 of the Dungeon.
You were not hungry.

You visited 1 branch of the dungeon, and saw 4 of its levels.

You collected 7 gold pieces.

Inventory:

Armour
 a - a +0 robe (worn)
Comestibles
 c - 2 rations
 f - 5 chunks of flesh


   Skills:
 + Level 2.3 Dodging
 + Level 2.1 Stealth
 + Level 2.2 Spellcasting
 * Level 2.2 Conjurations
 + Level 4.1 Fire Magic


You had 5 spell levels left.
You knew the following spells:

 Your Spells              Type           Power        Failure   Level  Hunger
a - Foxfire               Conj/Fire      ##..         5%          1    #......

Your spell library contained the following spells:

 Spells                   Type           Power        Failure   Level  Hunger
 Conjure Flame            Conj/Fire      ##......     16%         3    ###....
 Inner Flame              Hex/Fire       #.......     26%         3    ###....
 Sticky Flame             Conj/Fire      ##......     47%         4    #####..
 Fireball                 Conj/Fire      ##........   83%         5    ######.


Dungeon Overview and Level Annotations

Branches:
Dungeon (4/15)
 Temple: D:4-7

Altars:
Dithmenos


Innate Abilities, Weirdness & Mutations

You have a beak for a mouth.
You have claws for feet.


Message History

You feel sick.
Found a scroll labeled IWIUCE DUGI.
Unknown command.
Unknown command.
* * * LOW HITPOINT WARNING * * *
You feel sick.
The iguana hisses angrily.
Unknown command.
It was a potion of curing.
You feel better.
You aren't carrying any items that you can evoke.
Unknown command.
Unknown command.
As you read the scroll labeled VAICALARGHUZ, it crumbles to dust.
You feel blessed for a moment.
It was a scroll of remove curse.
The iguana bites you.
* * * LOW HITPOINT WARNING * * *
Casting: Foxfire (safe; 5% risk of failure)
Confirm with . or Enter, or press ? or * to list all spells.
You miscast Foxfire.
Nothing appears to happen.
The iguana bites you.
You die...

### #.#
#.###.#
#..F..#
#.# #@#
#l# #?#
..# ###


You could see an iguana.

Vanquished Creatures
  A worker ant (D:4)
  An adder (D:4)
  A leopard gecko (D:4)
  An orc (D:4)
  A goblin (D:2)
  A hobgoblin (D:2)
  A rat (D:1)
7 creatures vanquished.

Vanquished Creatures (others)
  21 foxfires
21 creatures vanquished.

Grand Total: 28 creatures vanquished

Notes
Turn   | Place    | Note
-------+----------+-------------------------------------------
     0 | D:1      | Doot the Tengu Fire Elementalist began the quest for the
                  | Orb.
     0 | D:1      | Reached XP level 1. HP: 10/10 MP: 4/4
   108 | D:2      | You fall into a shaft and drop 2 floors!
   108 | D:4      | Found a shadowy altar of Dithmenos.
   118 | D:4      | Reached XP level 2. HP: 15/15 MP: 1/6
   125 | D:4      | Noticed a howler monkey
   188 | D:4      | Reached skill level 4 in Fire Magic
   188 | D:4      | Reached XP level 3. HP: 19/19 MP: 1/7
   272 | D:4      | You fall into a shaft and drop 3 floors!
   272 | D:7      | Noticed a bullfrog
   276 | D:7      | Slain by an iguana

Illustrated notes

Levels and vault maps discovered:
D:1:      dpeg_arrival_fog, layout_rooms
D:2:      layout_loops_corners, eat_drink_and_be_merry_uskayaw,
          gammafunk_temple_overflow_arena, first_ration
D:4:      layout_rooms, kennysheep_slug_shrine, nemelex_altar_shiori,
          nicolae_overflow_crystal_walls, grunt_dithmenos_smoke_and_mirrors
D:7:      layout_basic, minmay_temple_entry_junction_2, minmay_checkerbox

Skill      XL: |  1  2 |
---------------+-------+-----
Conjurations   | 2 |  2.2
Fire Magic     | 4 |  4.1
Dodging        | |  2.3
Stealth        | |  2.1
Spellcasting   | |  2.2

Action                   || total
-------------------------++-------
 Cast: Foxfire           ||    17
  Use: Scroll            ||     1
       Potion            ||     1
Dodge: Dodged            ||     4
